 Dungeon Crawl Stone Soup version 0.21-a0-632-g1e37ce5 (webtiles) character file.

1491 Gorice the Cleaver (level 8, -13/54 HPs)
             Began as a Demonspawn Wanderer on Dec 27, 2017.
             Mangled by an orc warrior
             ... wielding a cursed +0 halberd
              (16 damage)
             ... on level 6 of the Dungeon.
             The game lasted 00:18:03 (6588 turns).

Gorice the Cleaver (Demonspawn Wanderer)            Turns: 6588, Time: 00:18:04

Health: -13/54     AC: 16    Str: 15    XL:     8   Next: 51%
Magic:  9/9        EV:  4    Int: 11    God:
Gold:   312        SH:  0    Dex: 15    Spells: 9/9 levels left

rFire    + . .     SeeInvis .   a - +3 hand axe
rCold    . . .     Gourm    .   (no shield)
rNeg     . . .     Faith    .   i - +0 plate armour
rPois    .         Spirit   .   (helmet restricted)
rElec    .         Reflect  .   (no cloak)
rCorr    .         Harm     .   (no gloves)
MR       .....                  (no boots)
Stlth    ..........             (no amulet)
HPRegen  0.18/turn              (no ring)
MPRegen  0.11/turn              (no ring)

@: no status effects
A: antennae 2, iridescent scales 2, fire resistance 1
a: no special abilities


You were on level 6 of the Dungeon.
You were not hungry.

You visited 1 branch of the dungeon, and saw 6 of its levels.
You also visited: Ossuary.

You collected 312 gold pieces.

Inventory:

Hand Weapons
 a - a +3 hand axe (weapon)
 o - a +1 dagger of speed
   (You found it on level 2 of the Dungeon)
 t - a cursed -2 hunting sling
 v - a +1 morningstar of freezing
   (You took it off an orc priest on level 4 of the Dungeon)
Missiles
 u - 84 sling bullets
 Y - 104 stones (quivered)
Armour
 d - a +0 robe
 i - a +0 plate armour (worn)
Jewellery
 n - an uncursed ring of ice
Scrolls
 c - 5 scrolls of teleportation {!r}
 e - 3 scrolls of enchant weapon
 j - a scroll of blinking
 y - a scroll of remove curse
Potions
 h - a potion of curing
 k - a potion of might {unknown}
 l - a potion of lignification {unknown}
 m - 4 potions of agility {!q}
 p - a potion of cancellation {unknown}
 q - 3 potions of flight
 r - 3 potions of heal wounds {!q}
 s - a potion of mutation {unknown}
 w - 3 potions of haste {!q}
 z - a potion of degeneration {unknown}
Books
 b - the Catalogue of Shape Shifting

   Spells                             Type                      Level
   a - Beastly Appendage              Transmutation                1
   b - Spider Form                    Transmutation/Poison         3
Comestibles
 f - 10 rations
 g - 6 chunks of flesh


   Skills:
 - Level 1.0 Fighting
 * Level 8.6 Axes
 + Level 4.7 Armour
 - Level 1.7 Stealth
 - Level 1.0 Spellcasting
   Level 2.0 Summonings
   Level 1.7 Transmutations


You had 9 spell levels left.
You didn't know any spells.

Dungeon Overview and Level Annotations

Branches:
Dungeon (6/15)
 Temple: D:4-7

Altars:
Okawaru
The Shining One

Shops:
D:5 :


Innate Abilities, Weirdness & Mutations

You have a pair of antennae on your head.
You are mostly covered in iridescent scales. (AC +4)
Your flesh is heat resistant. (rF+)


Message History

Throwing (i - inventory. (,) - cycle):
x - 3 tomahawks (quivered)
Press: ? - help, Shift-Dir - straight line, f/p - orc warrior
Aim: an orc warrior, wielding a halberd and wearing a plate armour You throw a tomahawk.
The tomahawk barely misses the orc warrior.
Throwing (i - inventory. (,) - cycle):
x - 2 tomahawks (quivered)
Press: ? - help, Shift-Dir - straight line, f/p - orc warrior
Aim: an orc warrior, wielding a halberd and wearing a plate armour You throw a tomahawk.
The tomahawk hits the orc warrior but does no damage.
Throwing (i - inventory. (,) - cycle):
x - a tomahawk (quivered)
Press: ? - help, Shift-Dir - straight line, f/p - orc warrior
Aim: an orc warrior, wielding a halberd and wearing a plate armour You throw a tomahawk.
The tomahawk closely misses the orc warrior.
The orc warrior hits you from afar with a halberd!
Damage: 12 (max 12)
There is an open door here.
The orc warrior hits you from afar with a halberd!
There is an open door, spattered with blood here.
Damage: 12 (max 12)
The orc warrior hits you but does no damage.
You hit the orc warrior.
The orc warrior is lightly wounded.
The orc warrior completely misses you.
You hit the orc warrior but do no damage.
The orc warrior is lightly wounded.
The orc warrior hits you with a halberd.
Damage: 2 (max 12)
You hit the orc warrior.
The orc warrior is moderately wounded.
Your plate armour prevents you from hitting the orc warrior.
The orc warrior is moderately wounded.
The orc warrior hits you but does no damage.
You hit the orc warrior.
The orc warrior is moderately wounded.
The orc warrior hits you with a halberd!
* * * LOW HITPOINT WARNING * * *
Damage: 13 (max 13)
You closely miss the orc warrior.
The orc warrior is moderately wounded.
The orc warrior hits you with a halberd!
* * * LOW HITPOINT WARNING * * *
Damage: 12 (max 13)
You slash the orc warrior!
The orc warrior is heavily wounded.
You hit the orc warrior but do no damage.
The orc warrior is heavily wounded.
The orc warrior hits you with a halberd!
You die...

#############
............###########
............'.........#
............#.........#
............#.........#
............#.........#
............#...@o....#
#######.....###'##...##
......#.....#...##o..#
......'.....#....#(..#
......#.....#....#(..#
......#.....#....#(..#
......#.....#....#...#
.######.....#....#...#
## #######....#..$...


You could see an orc warrior.

Vanquished Creatures
  Edmund (D:3)
  A sky beast (D:6)
  A centaur (D:5)
  2 bullfrogs
  An elf zombie (Ossuary)
  3 scorpions
  2 howler monkeys
  A crimson imp (D:5)
  3 human zombies (Ossuary)
  2 jellies
  2 orc priests
  Jessica (D:3)
  Terence (D:2)
  Natasha (D:3)
  An iguana (D:4)
  3 orc wizards (D:4)
  A worker ant (D:3)
  3 hound zombies
  A hound skeleton (D:5)
  3 mummies (Ossuary)
  A howler monkey zombie (D:5)
  5 adders
  4 gnolls (D:4)
  A shadow imp (D:5)
  3 adder zombies (Ossuary)
  3 worms
  5 leopard geckos
  27 orcs
  3 giant cockroaches
  A gnoll zombie (Ossuary)
  4 goblins
  A hobgoblin (D:2)
  9 jackals
  4 kobolds
  6 quokkas
  6 bats
  7 frilled lizards
  3 goblin zombies (Ossuary)
  5 hobgoblin zombies (Ossuary)
  5 jackal zombies (Ossuary)
  4 kobold zombies (Ossuary)
  A leopard gecko skeleton (D:4)
  2 orc zombies (Ossuary)
  2 quokka skeletons
  8 rats
  7 rat zombies (Ossuary)
161 creatures vanquished.

Notes
Turn   | Place    | Note
-------+----------+-------------------------------------------
     0 | D:1      | Gorice the Demonspawn Wanderer began the quest for the Orb.
     0 | D:1      | Gorice set off with: a +2 hand axe, the Catalogue of Shape Shifting, a scroll of teleportation {!r}, a +0 robe, a +0 dagger, a ration
     0 | D:1      | Reached XP level 1. HP: 15/15 MP: 2/2
     0 | D:1      | Identified the Catalogue of Shape Shifting
    75 | D:1      | Reached skill level 2 in Axes
   464 | D:1      | --wow miserly level 1, not even xpl2!
   480 | D:2      | Gained mutation: You are partially covered in iridescent scales. (AC +2) [demonic ancestry]
   480 | D:2      | Reached XP level 2. HP: 19/21 MP: 3/3
   493 | D:2      | Noticed Terence
   888 | D:2      | Reached skill level 3 in Axes
  1063 | D:2      | Found an iron altar of Okawaru.
  1100 | D:2      | Killed Terence
  1100 | D:2      | Reached XP level 3. HP: 26/26 MP: 4/4
  1328 | D:3      | Reached skill level 4 in Axes
  1328 | D:3      | Gained mutation: You are mostly covered in iridescent scales. (AC +4) [demonic ancestry]
  1328 | D:3      | Reached XP level 4. HP: 28/32 MP: 5/5
  1795 | D:3      | Noticed Natasha
  1808 | D:3      | HP: 6/32 [shadow imp/nerve-wracking pain[Natasha] (13)]
  1815 | D:3      | HP: 8/32 [shadow imp[Natasha] (3)]
  1815 | D:3      | HP: 3/32 [Natasha (5)]
  1820 | D:3      | HP: 9/32 [shadow imp[Natasha] (4)]
  1820 | D:3      | HP: 4/32 [Natasha (5)]
  1821 | D:3      | Killed Natasha
  2250 | D:3      | Noticed Jessica
  2258 | D:3      | Killed Jessica
  2258 | D:3      | Gained mutation: Your flesh is heat resistant. (rF+) [demonic ancestry]
  2258 | D:3      | Reached XP level 5. HP: 35/37 MP: 6/6
  2535 | D:4      | Noticed Edmund
  2567 | D:3      | Killed Edmund
  2567 | D:3      | Reached skill level 5 in Axes
  2567 | D:3      | Reached skill level 1 in Armour
  2567 | D:3      | Gained mutation: You have a pair of small antennae on your head. [demonic ancestry]
  2567 | D:3      | Reached XP level 6. HP: 16/43 MP: 7/7
  2877 | D:4      | HP: 11/43 [poisoned by a scorpion]
  3149 | D:4      | Reached skill level 2 in Armour
  3248 | D:4      | Reached skill level 6 in Axes
  3910 | D:4      | Gained mutation: You have a pair of antennae on your head. [demonic ancestry]
  3910 | D:4      | Reached XP level 7. HP: 40/48 MP: 8/8
  4318 | D:5      | Entered Level 5 of the Dungeon
  4331 | D:5      | Found a sand-covered staircase.
  4346 | Ossuary  | Entered an ossuary
  4540 | Ossuary  | Reached skill level 3 in Armour
  4589 | Ossuary  | Reached skill level 7 in Axes
  4993 | D:5      | Found Guntis's Book Emporium.
  5492 | D:5      | Reached XP level 8. HP: 48/54 MP: 9/9
  5603 | D:5      | Reached skill level 4 in Armour
  5747 | D:5      | Reached skill level 8 in Axes
  5830 | D:5      | HP: 10/54 [scorpion (7)]
  5835 | D:5      | HP: 8/54 [poisoned by a scorpion]
  5841 | D:5      | HP: 7/54 [poisoned by a scorpion]
  5849 | D:5      | HP: 6/54 [poisoned by a scorpion]
  6215 | D:5      | Found a glowing golden altar of the Shining One.
  6585 | D:6      | HP: 15/54 [orc warrior/halberd (14)]
  6586 | D:6      | HP: 3/54 [orc warrior/halberd (12)]
  6588 | D:6      | Mangled by an orc warrior

Vault maps used:
D:1:      nzn_arrival_depleted_hourglass
D:2:      old_standard_altar, uniq_terence
D:3:      serial_bayou, serial_bayou_pond_e, serial_bayou_shore_a,
          serial_bayou_shore_b, serial_bayou_pond_e, uniq_natasha, uniq_jessica
D:4:      uniq_edmund
D:5:      nicolae_ossuary_entry_false_entrances, serial_shops,
          nicolae_shop_waterfront, first_ration, minmay_crystal_water,
          nicolae_tso_carved_into_rock
D:6:      kennysheep_mini_moat, serial_shops, kennysheep_little_box,
          grunt_ministairs_3
Ossuary:  minmay_ossuary_two_tombs

Skill      XL: |  1  2  3  4  5  6  7  8 |
---------------+-------------------------+-----
Axes           | 2 3 4 5 6 7 8 |  8.6
Armour         | 1 2 3 4 |  4.7
Fighting       | |  1.0
Stealth        | |  1.7
Spellcasting   | |  1.0
Summonings     | |  2.0
Transmutations | |  1.7

Action                   |  1- 3 |  4- 6 |  7- 9 || total
-------------------------+-------+-------+-------++-------
Melee: Hand axe          |   103 |   235 |   403 ||   741
Throw: Stone             |     7 |     6 |     1 ||    14
       Tomahawk          |       |       |     7 ||     7
  Use: Scroll            |     7 |     4 |     2 ||    13
       Potion            |       |     3 |       ||     3
 Stab: Sleeping          |     3 |       |       ||     3
  Eat: Chunk             |     1 |     9 |     6 ||    16
       Ration            |       |       |     1 ||     1
Armor: Robe              |    10 |       |       ||    10
       Plate armour      |    76 |   217 |   298 ||   591
Dodge: Dodged            |    27 |    51 |    83 ||   161

Table legend:
 A = Spawn XP
 B = Non-spawn XP
 C = Spawn XP percentage of total XP
 D = Spawn monster count
 E = Non-spawn monster count
 F = Spawn count percentage of total count
 G = Total turns spent on level
                    A         B        C        D         E        F      G
               +---------+---------+-------+---------+---------+-------+---------
         Total |       0 |    2131 |   0.0 |       0 |     161 |   0.0 |  6588
               +---------+---------+-------+---------+---------+-------+---------
           D:1 |       0 |      12 |   0.0 |       0 |       9 |   0.0 |   694
           D:2 |       0 |      66 |   0.0 |       0 |      18 |   0.0 |   848
           D:3 |       0 |     351 |   0.0 |       0 |      27 |   0.0 |  1445
           D:4 |       0 |     567 |   0.0 |       0 |      33 |   0.0 |  1758
           D:5 |       0 |     461 |   0.0 |       0 |      26 |   0.0 |   938
           D:6 |       0 |     321 |   0.0 |       0 |       9 |   0.0 |   326
       Ossuary |       0 |     353 |   0.0 |       0 |      39 |   0.0 |   579
               +---------+---------+-------+---------+---------+-------+---------

Table legend:
 A = Turns spent in this place as a percentage of turns spent in the entire game.
 B = Non-inter-level travel turns spent in this place as a percentage of non-inter-level travel turns spent in the entire game.
 C = Inter-level travel turns spent in this place as a percentage of turns spent in this place.
 D = Turns resting spent in this place as a percentage of non-inter-level travel turns spent in this place.
 E = Turns spent auto-exploring this place as a percentage of non-inter-level travel turns spent in this place.
 F = Non-inter-level travel turns spent in this place divided by the number of levels of this place that you've seen.
                   A       B       C       D       E      F
               +-------+-------+-------+-------+-------+----------------------
         Total | 100.0 | 100.0 |   4.0 |  31.7 |  33.8 | 903.3
       Dungeon |  91.2 |  90.8 |   4.4 |  31.7 |  37.2 | 957.3
       Ossuary |   8.8 |   9.2 |   0.0 |  32.3 |   0.0 | 579.0
               +-------+-------+-------+-------+-------+----------------------

Vault maps used:
D:1:      nzn_arrival_depleted_hourglass
D:2:      old_standard_altar, uniq_terence
D:3:      serial_bayou, serial_bayou_pond_e, serial_bayou_shore_a,
          serial_bayou_shore_b, serial_bayou_pond_e, uniq_natasha, uniq_jessica
D:4:      uniq_edmund
D:5:      nicolae_ossuary_entry_false_entrances, serial_shops,
          nicolae_shop_waterfront, first_ration, minmay_crystal_water,
          nicolae_tso_carved_into_rock
D:6:      kennysheep_mini_moat, serial_shops, kennysheep_little_box,
          grunt_ministairs_3
Ossuary:  minmay_ossuary_two_tombs
